 Dungeon Crawl Stone Soup version 0.32-a0-132-g2d33c3cfaf (webtiles) character file.

Game seed: 7185718307846400034

575 hikkokomori the Ruffian (level 7, 0/66 HPs)
             Began as a Troll Warper on Feb 9, 2024.
             Slain by a gnoll
             ... wielding a +0 flail
             ... led by a gnoll bouda
              (8 damage)
             ... on level 4 of the Dungeon.
             The game lasted 00:06:26 (2591 turns).

hikkokomori the Ruffian (Troll Warper)              Turns: 2591, Time: 00:06:26

Health: 0/66       AC:  5    Str: 20    XL:     7   Next: 12%
Magic:  18/18      EV: 10    Int: 17    God:
Gold:   247        SH:  0    Dex:  9    Spells: 1/10 levels left

rFire   . .          .
                       - Unarmed
rCold   . . .        (no shield)
rNeg    . . .        a - +0 robe
rPois   .            (helmet restricted)
rElec   .            v - +0 cloak
rCorr   .            (gloves unavailable)
SInv    .            (boots unavailable)
Will    .....        i - amulet of regeneration
Stlth   +            k - +6 ring of intelligence
HPRegen 1.91/turn    n - ring of magical power
MPRegen 0.16/turn

%: no passive effects
@: no status effects
A: large, unfitting armour, claws 3, regeneration 1, shaggy fur 1, tough skin 1
a: no special abilities


You were on level 4 of the Dungeon.
You visited 1 branch of the dungeon, and saw 4 of its levels.

You collected 247 gold pieces.

Inventory:

Missiles
 c - 7 darts of dispersal (quivered)
 o - 3 boomerangs
 u - 6 javelins
 w - 2 poisoned darts
Armour
 a - a +0 robe (worn)
 v - a +0 cloak (worn)
Jewellery
 i - an amulet of regeneration (around neck)
 k - a +6 ring of intelligence (left claw)
 n - a ring of magical power (right claw)
 x - a ring of protection from fire
Scrolls
 b - a scroll of blinking
 d - a scroll of torment {unknown}
 f - 2 scrolls of teleportation {unknown}
 j - a scroll of identify {unknown}
 m - a scroll of brand weapon {unknown}
 p - a scroll of vulnerability {unknown}
 q - 2 scrolls of noise {unknown}
 t - a scroll of poison {unknown}
 y - a scroll of enchant armour {unknown}
Potions
 e - a potion of berserk rage {unknown}
 g - 2 potions of ambrosia {unknown}
 h - 2 potions of lignification {unknown}
 l - 2 potions of heal wounds {unknown}
 r - a potion of invisibility {unknown}
 s - a potion of magic {unknown}


   Skills:
 + Level 2.9 Fighting
 - Level 1.0 Throwing
 - Level 2.0 Dodging
 - Level 1.0 Stealth
 - Level 5.0 Unarmed Combat
 - Level 2.0 Spellcasting
 + Level 2.8 Translocations
 - Level 2.0 Air Magic


You had one spell level left.
You knew the following spells:

 Your Spells              Type           Power      Damage    Failure   Level
a - Lesser Beckoning      Tloc           22%        N/A       9%          2
b - Vhi's Electric Charg  Tloc/Air       18%        N/A       56%         4
c - Apportation           Tloc           22%        N/A       6%          1
d - Blink                 Tloc           22%        N/A       9%          2

Your spell library contained the following spells:

 Spells                   Type           Power      Damage    Failure   Level
 Necrotise                Necr           4%         1d4       19%         1
 Slow                     Hex            4%         N/A       19%         1
 Sting                    Conj/Alch      4%         1d3       19%         1
 Summon Small Mammal      Summ           4%         N/A       19%         1
 Teleport Other           Tloc           11%        N/A       19%         3
 Confusing Touch          Hex            1%         N/A       50%         3
 Sigil of Binding         Hex            1%         N/A       50%         3
 Vampiric Draining        Necr           1%         2d6       50%         3
 Manifold Assault         Tloc           11%        N/A       52%         4


Dungeon Overview and Level Annotations

Branches:
Dungeon (4/15)
 Temple: D:4-7

Altars:
Makhleb
Qazlal
Sif Muna
Yredelemnul

Annotations:
D:1 2 transporters


Innate Abilities, Weirdness & Mutations

You are too large for most types of armour.
You have claws for hands.
Your natural rate of healing is unusually fast.
You are covered in fur. (AC +1)
You have tough skin. (AC +1)


Message History

The gnoll bouda is almost dead.
The gnoll hits you with a +0 club. The gnoll bouda completely misses you.
You scratch the gnoll bouda.
You kill the gnoll bouda!
The gnoll hits you with a +0 flail! The gnoll hits you with a +0 club.
The gnoll hits you with a +0 flail. The gnoll misses you.
Items here: ))) [ †.
You barely miss the gnoll. The gnoll closely misses you.
The gnoll hits you with a +0 club.
You barely miss the gnoll.
The gnoll is no longer moving quickly.
The gnoll hits you with a +0 flail!
* * * LOW HITPOINT WARNING * * *
The gnoll hits you with a +0 club.
* * * LOW HITPOINT WARNING * * *
You scratch the gnoll.
The gnoll is lightly wounded.
The gnoll closely misses you. The gnoll hits you with a +0 club.
* * * LOW HITPOINT WARNING * * *
You barely miss the gnoll.
The gnoll is lightly wounded.
The gnoll hits you with a +0 flail!
* * * LOW HITPOINT WARNING * * *
You scratch the gnoll but do no damage.
The gnoll is lightly wounded.
The gnoll completely misses you. The gnoll barely misses you.
You scratch the gnoll.
The gnoll is heavily wounded.
The gnoll hits you with a +0 club.
* * * LOW HITPOINT WARNING * * *
The gnoll closely misses you.
You closely miss the gnoll.
The gnoll is heavily wounded.
The gnoll hits you with a +0 club.
* * * LOW HITPOINT WARNING * * *
The gnoll barely misses you.
You claw the gnoll!
You kill the gnoll!
Your attacks no longer feel as feeble.
The gnoll hits you with a +0 flail!
You die...

#.# ######
#####'###
#.......#
#...†)..#
#.......#
#.......###
#.........####
#.......#..).###
#######....@...#
#....g...#
#............
#............
#............
#......$.#..#
#........##.#
########## .. ##
###### #.


You could see a gnoll.

Vanquished Creatures
  2 scorpions (D:4)
  4 orc priests (D:4)
  A bombardier beetle (D:4)
  A gnoll bouda (D:4)
  2 orc wizards (D:4)
  Robin (D:2)
  11 gnolls
  3 adders
  2 ribbon worms
  8 orcs
  9 endoplasms
  4 giant cockroaches
  18 goblins
  8 hobgoblins
  3 jackals (D:2)
  2 quokkas
  4 ball pythons
  A bat (D:2)
  6 frilled lizards
  5 kobolds
  4 rats
99 creatures vanquished.

Notes
Turn   | Place    | Note
-------+----------+-------------------------------------------
     0 | D:1      | hikkokomori the Troll Warper began the quest for the Orb.
     0 | D:1      | Reached XP level 1. HP: 19/19 MP: 1/1
    66 | D:1      | Reached skill level 1 in Throwing
    79 | D:1      | Reached XP level 2. HP: 28/28 MP: 2/2
   320 | D:1      | Reached skill level 3 in Unarmed Combat
   512 | D:1      | Reached XP level 3. HP: 34/35 MP: 3/3
   832 | D:2      | Learned a level 2 spell: Lesser Beckoning
   982 | D:2      | Found a faded altar of an unknown god.
  1112 | D:2      | Noticed Robin
  1117 | D:2      | Reached XP level 4. HP: 41/42 MP: 4/4
  1140 | D:2      | Killed Robin
  1141 | D:2      | Reached skill level 1 in Stealth
  1452 | D:3      | Reached skill level 4 in Unarmed Combat
  1626 | D:3      | Reached XP level 5. HP: 48/49 MP: 5/5
  1689 | D:3      | Learned a level 4 spell: Vhi's Electric Charge
  1765 | D:3      | Found a shimmering blue altar of Sif Muna.
  1768 | D:3      | Found a burning altar of Makhleb.
  1769 | D:3      | Found a basalt altar of Yredelemnul.
  1769 | D:3      | Found a stormy altar of Qazlal.
  2115 | D:4      | Reached skill level 5 in Unarmed Combat
  2115 | D:4      | Reached skill level 1 in Air Magic
  2260 | D:4      | Reached XP level 6. HP: 54/57 MP: 7/7
  2297 | D:4      | Learned a level 1 spell: Apportation
  2300 | D:4      | Learned a level 2 spell: Blink
  2548 | D:4      | Reached XP level 7. HP: 43/66 MP: 9/9
  2591 | D:4      | Slain by a gnoll

Illustrated notes

Levels and vault maps discovered:
D:1:      spicycebolla_arrival_transporter_tutorial, layout_basic
D:2:      layout_basic, hellmonk_ecumenical_altar_leap_of_faith, uniq_robin
D:3:      layout_loops_ring, mainiacjoe_overflow_alcove_3
D:4:      layout_basic, grunt_ministairs_6

Skill      XL: |  1  2  3  4  5  6 |
---------------+-------------------+-----
Throwing       | 1 |  1.0
Dodging        | 2 |  2.0
Fighting       | 2 |  2.9
Unarmed Combat | 3 4 5 |  5.0
Stealth        | 1 |  1.0
Air Magic      | 1 2 |  2.0
Spellcasting   | 2 |  2.0
Translocations | |  2.8

Action                     |  1- 3 |  4- 6 |  7- 9 || total
---------------------------+-------+-------+-------++-------
  Melee: Unarmed           |   101 |   174 |    19 ||   294
         Punch             |     2 |     7 |     2 ||    11
   Cast: Lesser Beckoning  |       |     2 |       ||     2
   Stab: Sleeping          |       |     2 |       ||     2
 Armour: Robe              |    65 |   100 |    23 ||   188
  Dodge: Dodged            |    57 |    86 |    16 ||   159

Table legend: (Time is in decaauts)
 A = Elapsed time spent in this place.
 B = Non-inter-level travel time spent in this place.
 C = Inter-level travel time spent in this place.
 D = Time resting spent in this place.
 E = Time spent auto-exploring this place.
 F = Levels seen in this place.
 G = Mean time per level.
                   A        B        C        D        E       F      G
               +--------+--------+--------+--------+--------+-----+--------+
         Total |   2568 |   2477 |     91 |      8 |   1894 |   4 |  642.0 |
       Dungeon |   2568 |   2477 |     91 |      8 |   1894 |   4 |  642.0 |
               +--------+--------+--------+--------+--------+-----+--------+

Top non-repeatable levels by time:
     D:2: 740 daAuts
     D:3: 674 daAuts
     D:1: 633 daAuts
     D:4: 518 daAuts
